General information
	        
			
        
        - name: Local Game (BEAR_AND)
 
        - type: Custom game
 
        - host: BEAR_AND
 
        - saver: BEAR_AND
 
        
map: SecretValley 
        - players: 10
 
        - length: 10:42
 
        - speed: Fast
 - version: 1.22 W3XP
 - replay type:  

 
» download(76 KB)
Players
        team 1 (loser) 
              
              
» 
iggy_the_fisk (
blue | 141 APM | 1503 actions | 10:41)
              
 3 Warden 
 2 Shadow Strike
 1 Fan of Knives
 
                » actions 
                
                | Assign group hotkey | 181 |  | 
| Basic commands | 2 |  | 
| Build / train | 45 |  | 
| Enter build submenu | 13 |  | 
| Enter hero's abilities submenu | 3 |  | 
| Right click | 828 |  | 
| Select / deselect | 203 |  | 
| Select group hotkey | 144 |  | 
| Use ability | 84 |  | 
                1503 total
 » units 
                » upgrades
                
                | Improved Bows | 1 |  | 
| Abolish Magic | 1 |  | 
                2 total
 » buildings
                
                | Altar of Elders | 1 |  | 
| Moon Well | 4 |  | 
| Ancient of War | 3 |  | 
| Tree of Ages | 3 |  | 
| Hunter's Hall | 2 |  | 
| Ancient of Lore | 1 |  | 
                14 total
 » build order
                00:06 Altar of Elders
00:17 Moon Well
00:58 Ancient of War
01:24 Moon Well
02:43 Tree of Ages
02:43 Tree of Ages
02:43 Tree of Ages
02:57 Moon Well
03:50 Hunter's Hall
04:06 Ancient of War
05:28 Hunter's Hall
06:51 Ancient of Lore
08:56 Moon Well
09:38 Ancient of War
 
               team 2 (winner) 
              
              
p.rower (
gray | 148 APM | 1583 actions | 10:41)
              
 3 Archmage 
 2 Summon Water Elemental
 1 Brilliance Aura
 1 Pandaren Brewmaster 
 1 Breath of Fire
 
                » actions 
                
                | Assign group hotkey | 84 |  | 
| Basic commands | 8 |  | 
| Build / train | 52 |  | 
| ESC pressed | 1 |  | 
| Enter build submenu | 22 |  | 
| Enter hero's abilities submenu | 4 |  | 
| Right click | 772 |  | 
| Select / deselect | 296 |  | 
| Select group hotkey | 278 |  | 
| Use ability | 66 |  | 
                1583 total
 » units 
                » upgrades
                » buildings
                
                | Altar of Kings | 1 |  | 
| Barracks | 3 |  | 
| Farm | 5 |  | 
| Keep | 3 |  | 
| Scout Tower | 9 |  | 
| Arcane Tower | 3 |  | 
| Blacksmith | 1 |  | 
| Lumber Mill | 1 |  | 
| Arcane Vault | 1 |  | 
| Guard Tower | 6 |  | 
                33 total
 » build order
                00:05 Altar of Kings
00:17 Barracks
00:32 Farm
01:03 Farm
01:32 Farm
03:25 Keep
03:25 Keep
03:46 Scout Tower
03:49 Farm
04:16 Arcane Tower
04:16 Arcane Tower
04:16 Arcane Tower
04:17 Blacksmith
04:46 Farm
05:22 Keep
05:44 Barracks
05:46 Barracks
06:27 Lumber Mill
07:04 Arcane Vault
08:49 Scout Tower
08:50 Scout Tower
08:51 Scout Tower
08:52 Scout Tower
09:15 Scout Tower
09:16 Scout Tower
09:17 Guard Tower
09:17 Guard Tower
09:17 Guard Tower
09:30 Scout Tower
09:31 Scout Tower
09:33 Guard Tower
09:33 Guard Tower
10:32 Guard Tower
» items
                 
               observersBEAR_AND, 
bLinn, 
dropkickmonday, 
Mata., 
NOMORELEFT, 
Dexanth, 
GCValentine, 
NasbiN Chat log
          (00:05 / Observers) Mata.: theres been a lot of grudges lately
(00:07 / Observers) Mata.: a lot of people in lljk
(00:09 / All) iggy_the_fisk: beaaar!!
(00:11 / Observers) Mata.: tensions run high..
(00:16 / Observers) Dexanth: Ladder + diablo 3 I think both help
(00:16 / Observers) dropkickmonday: i have yet to be in a grudge
(00:20 / Observers) Mata.: sync it blinn
(00:21 / Observers) BEAR_AND: /pingclients
(00:24 / All) p.rower: i was 3 for 3 guessing timg's race last time
(00:27 / All) p.rower: let's see if that holds up
(00:29 / Observers) dropkickmonday: but i shouldnt whine because i just dodged
(00:30 / Observers) dropkickmonday: so
(00:31 / All) iggy_the_fisk: place your bet
(00:42 / All) p.rower: n'belf
(01:03 / Observers) Mata.: if you're watching replay please check if prower is selecting iggys base
(01:05 / Observers) Mata.: or somethin cuz damn
(01:19 / Observers) Dexanth: Come now he wouldn't be so noob as to MH that obviously
(01:27 / Observers) Mata.: 2 scout peasants?
(01:31 / Observers) Mata.: second peasant gonna make scout farms
(01:32 / Observers) Mata.: probly
(01:34 / Observers) Mata.: nm goin home
(01:35 / All) p.rower: shit
(01:39 / Observers) dropkickmonday: 2 scout peasants = 2x faster scout
(01:40 / Observers) Dexanth: bad rally maybe
(01:44 / Observers) Mata.: i was right
(01:46 / Observers) Mata.: about the scout farm
(01:51 / All) p.rower: 4 for 4
(02:03 / Observers) dropkickmonday: oops
(02:03 / All) iggy_the_fisk: whups
(02:09 / Observers) BEAR_AND: iggy exposcout wisp owned
(02:13 / Observers) NasbiN: great commentary
(02:25 / Observers) Mata.: the odds of prower getting all these races right is what
(02:37 / Observers) BEAR_AND: well 3 in 3 is 1 in 36
(02:38 / Observers) Mata.: 0.5%?
(02:44 / Observers) Mata.: wait how did i get that
(02:52 / Observers) Dexanth: 3 for 3 is 1 in 64
(02:57 / Observers) Dexanth: (1/4)^3
(02:57 / Observers) Mata.: i just did
(02:58 / Observers) Mata.: 0.25*0.25*0.25*0.25
(03:15 / Observers) Mata.: my calculator sez: maphack is more likely
(03:17 / Observers) dropkickmonday: goddamn
(03:27 / Observers) Mata.: aow creep
(03:31 / Observers) Mata.: level 2
(03:50 / Observers) Mata.: i lost that one so i wouldnt really go by that
(03:50 / Observers) BEAR_AND: often warden is not harrassed with until l3
(04:05 / Observers) Mata.: dead wisps!!! should have proofed base
(04:11 / Observers) Mata.: iggy will have no lum at t2 this is big
(04:14 / Observers) Dexanth: no autocast wells
(04:27 / Observers) BEAR_AND: he's got enough for hero and 1wind
(04:30 / Observers) BEAR_AND: but no hh....damn
(04:33 / Observers) Mata.: haha all wisps dead
(04:36 / Observers) Mata.: no hh until late t2
(04:45 / Observers) Mata.: nm not all
(05:16 / Observers) Mata.: its effort and you lose them gradually over the course of the game
(05:16 / Observers) Mata.: is annoying
(05:21 / All) p.rower: FUCK
(05:21 / All) p.rower: FUCK
(05:28 / Observers) Mata.: unless you're moon and have memorized the best spots
(05:34 / All) p.rower: holy shit
(05:34 / Observers) BEAR_AND: forgot to tech
(05:34 / All) p.rower: I lost
(05:39 / Observers) Mata.: haha wow
(05:40 / Observers) Mata.: you're right
(06:00 / Observers) Mata.: iggy needs hero
(06:03 / Observers) Mata.: second that is
(06:03 / Observers) BEAR_AND: make wisps
(06:04 / Observers) BEAR_AND: iggy
(06:05 / Observers) BEAR_AND: wow
(06:06 / Observers) BEAR_AND: t2
(06:08 / Observers) Dexanth: iggy needs to patrol this spot with units and go buy dust
(06:17 / Observers) BEAR_AND: you mean
(06:18 / Observers) BEAR_AND: prower
(06:20 / Observers) Dexanth: yes
(06:24 / Observers) Dexanth: I do
(06:28 / Observers) NasbiN: triple rax hokay
(06:37 / Observers) BEAR_AND: mega riflepush?
(06:42 / Observers) Mata.: what else is he gonna do with 2 hour tier 1
(06:50 / Observers) Dexanth: surprised no defend research
(06:53 / Observers) Dexanth: there it goes
(06:58 / Observers) Mata.: aol started
(06:59 / Observers) BEAR_AND: funny i just watched an audio on mega riflepush vs. elf
(07:11 / Observers) BEAR_AND: 3 barracks
(07:12 / Observers) Mata.: iggy started aol i told you
(07:16 / Observers) BEAR_AND: all ppumping defendmen
(08:02 / Observers) Mata.: i think same rules for ffa as previous but hu only as race
(08:04 / Observers) Mata.: would be fun
(08:08 / Observers) BEAR_AND: i was thinking tha
(08:08 / Observers) Dexanth: what was previous
(08:12 / All) iggy_the_fisk: fu bear
(08:14 / Observers) BEAR_AND: but what if it was only t2
(08:21 / Observers) Mata.: haha would be nuts
(08:29 / Observers) Mata.: i just think fights between 2 knight armies would be nuts
(08:31 / Observers) Dexanth: What did you guys do last time
(08:34 / Observers) Mata.: and yeah iggy didnt get second hero
(08:41 / Observers) Mata.: same as first, ne only, no aps, no air
(08:58 / Observers) Mata.: defend
(09:11 / Observers) BEAR_AND: defend
(09:13 / Observers) Mata.: get a second hero 
(09:14 / Observers) BEAR_AND: he's supposed to
(09:15 / Observers) Mata.: to start
(09:15 / Observers) BEAR_AND: defend
(09:22 / Observers) Mata.: then call gg
(09:49 / Observers) Mata.: uproot toa
(10:03 / Observers) BEAR_AND: haha that's a noob move
(10:03 / Observers) Dexanth: Wootah.com could win this at this point
(10:04 / Observers) Mata.: towers are up
(10:05 / Observers) Dexanth: its hopeless
(10:11 / Observers) dropkickmonday: ouch
(10:19 / Observers) Dexanth: With his 41 apm focusing on micro
(10:20 / Observers) Dexanth: or was it 31
(10:28 / Observers) dropkickmonday: 42
(10:39 / All) iggy_the_fisk: gg
(10:41 / All) p.rower: gg